3L
MONTANA PANDAS @ CHICAGO HAWKS
09/04/2029
 
TOP OF THE 1ST
Montana Pandas batting - Pitching for Chicago Hawks : RHP Lucas Begay
Pitching: RHP Lucas Begay
Batting: LHB Roberto Fierro 0-0: SINGLE (Line Drive, 34D)
Batting: SHB Raúl Duarte 0-0: Ball
1-0: Ball
2-0: Called Strike
2-1: Foul Ball, location: 2F
2-2: Foul Ball, location: 2F
2-2: Ball
3-2: Grounds into double play, 6-4-3 (Groundball, 56D)
Batting: RHB Pau Arria 0-0: Ball
1-0: Ball
2-0: Foul Ball, location: 2F
2-1: Foul Ball, location: 2F
2-2: Foul Ball, location: 2F
2-2: Strikes out looking
Top of the 1st over - 0 runs, 1 hit, 0 errors, 0 left on base; Montana 0 - Chicago 0
BOTTOM OF THE 1ST
Chicago Hawks batting - Pitching for Montana Pandas : RHP Eduardo Díaz
Pitching: RHP Eduardo Díaz
Batting: RHB Luis Rodríguez 0-0: Ball
1-0: Foul Ball, location: 2F
1-1: Ground out 4-3 (Groundball, 4D)
Batting: RHB Paddy Hodnett 0-0: Foul Ball, location: 2F
0-1: Ball
1-1: Ball
2-1: Ground out U3 (Groundball, 34)
Batting: LHB Jeff Simpson 0-0: Called Strike
0-1: Called Strike
0-2: Fly out, F9 (Flyball, 9LM)
Bottom of the 1st over - 0 runs, 0 hits, 0 errors, 0 left on base; Montana 0 - Chicago 0
TOP OF THE 2ND
Montana Pandas batting - Pitching for Chicago Hawks : RHP Lucas Begay
Batting: LHB Ned Durand 0-0: Called Strike
0-1: SOLO HOME RUN (Flyball, 9LD), Distance : 323 ft
Batting: LHB Enrique Ortega 0-0: Ball
1-0: Fly out, F9 (Flyball, 89S)
Batting: LHB António Ramos 0-0: Foul Ball, location: 2F
0-1: Foul Ball, location: 2F
0-2: Foul Ball, location: 2F
0-2: Ball
1-2: Strikes out swinging
Batting: LHB José León 0-0: Called Strike
0-1: Ball
1-1: Called Strike
1-2: Ground out U3 (Groundball, 34)
Top of the 2nd over - 1 run, 1 hit, 0 errors, 0 left on base; Montana 1 - Chicago 0
BOTTOM OF THE 2ND
Chicago Hawks batting - Pitching for Montana Pandas : RHP Eduardo Díaz
Batting: RHB Enrique Marroquín 0-0: Called Strike
0-1: Ball
1-1: SOLO HOME RUN (Line Drive, 7LD), Distance : 357 ft
Batting: LHB Curt Wilson 0-0: Swinging Strike
0-1: Foul Ball, location: 2F
0-2: Ground out 6-3 (Groundball, 6S)
Batting: RHB Curt Kenney 0-0: Ground out 5-3 (Groundball, 56S)
Batting: SHB Juan Ortega 0-0: Foul Ball, location: 2F
0-1: Ball
1-1: Called Strike
1-2: Ball
2-2: Ball
3-2: Fly out, F4 (Line Drive, 4)
Bottom of the 2nd over - 1 run, 1 hit, 0 errors, 0 left on base; Montana 1 - Chicago 1
TOP OF THE 3RD
Montana Pandas batting - Pitching for Chicago Hawks : RHP Lucas Begay
Batting: RHB Willis Kirkendall 0-0: Called Strike
0-1: Ball
1-1: Called Strike
1-2: DOUBLE (Line Drive, 78XD)
Batting: LHB Alfred Miles 0-0: Ball
1-0: Ball
2-0: Fly out, F7 (Flyball, 7S)
Batting: LHB Roberto Fierro 0-0: Ball
1-0: Called Strike
1-1: Ball
2-1: Ball
3-1: DOUBLE (Line Drive, 8RD)
Willis Kirkendall scores
Batting: SHB Raúl Duarte 0-0: Ball
1-0: Called Strike
1-1: Fly out, F7 (Flyball, 7LM)
Batting: RHB Pau Arria 0-0: Fly out, F7 (Flyball, 7LMF)
Top of the 3rd over - 1 run, 2 hits, 0 errors, 1 left on base; Montana 2 - Chicago 1
BOTTOM OF THE 3RD
Chicago Hawks batting - Pitching for Montana Pandas : RHP Eduardo Díaz
Batting: RHB Vincente Rotham 0-0: Ball
1-0: Called Strike
1-1: Called Strike
1-2: Ball
2-2: Foul Ball, location: 2F
2-2: Ground out 1-3 (Groundball, 13S)
Batting: LHB Perry Bothof 0-0: Called Strike
0-1: Ball
1-1: Swinging Strike
1-2: Ball
2-2: Strikes out swinging
Batting: RHB Luis Rodríguez 0-0: Ground out 4-3 (Groundball, 4M)
Bottom of the 3rd over - 0 runs, 0 hits, 0 errors, 0 left on base; Montana 2 - Chicago 1
TOP OF THE 4TH
Montana Pandas batting - Pitching for Chicago Hawks : RHP Lucas Begay
Batting: LHB Ned Durand 0-0: Swinging Strike
0-1: Ball
1-1: Ball
2-1: Ball
3-1: Base on Balls
Batting: LHB Enrique Ortega 0-0: Ball
1-0: Ball
2-0: Swinging Strike
2-1: SINGLE (Flyball, 78S)
Ned Durand to second
Batting: LHB António Ramos 0-0: 3-RUN HOME RUN (Flyball, 9LD), Distance : 341 ft
Batting: LHB José León 0-0: Ball
1-0: Ball
2-0: Foul Ball, location: 2F
2-1: Called Strike
2-2: Ball
3-2: Ground out 3-1 (Groundball, 34)
Batting: RHB Willis Kirkendall 0-0: Called Strike
0-1: Ground out 6-3 (Groundball, 6D)
Batting: LHB Alfred Miles 0-0: Called Strike
0-1: Ball
1-1: Ball
2-1: Swinging Strike
2-2: Fly out, F4 (Popup, 4)
Top of the 4th over - 3 runs, 2 hits, 0 errors, 0 left on base; Montana 5 - Chicago 1
BOTTOM OF THE 4TH
Chicago Hawks batting - Pitching for Montana Pandas : RHP Eduardo Díaz
Batting: RHB Paddy Hodnett 0-0: Ball
1-0: Foul Ball, location: 2F
1-1: Ball
2-1: Foul Ball, location: 2F
2-2: Ground out 5-3 (Groundball, 56S)
Batting: LHB Jeff Simpson 0-0: Ball
1-0: Foul Ball, location: 2F
1-1: Called Strike
1-2: SINGLE (Groundball, 4MD)
Batting: RHB Enrique Marroquín 0-0: Swinging Strike
0-1: Fly out, F7 (Flyball, 7)
Batting: LHB Curt Wilson 0-0: Called Strike
0-1: Ball
1-1: Ball
Jeff Simpson is caught stealing 2nd base
Bottom of the 4th over - 0 runs, 1 hit, 0 errors, 0 left on base; Montana 5 - Chicago 1
TOP OF THE 5TH
Montana Pandas batting - Pitching for Chicago Hawks : RHP Lucas Begay
Batting: LHB Roberto Fierro 0-0: Called Strike
0-1: Foul Ball, location: 2F
0-2: Ball
1-2: Foul Ball, location: 2F
1-2: Fly out, F8 (Flyball, 8LS)
Batting: SHB Raúl Duarte 0-0: Foul Ball, location: 2F
0-1: Ball
1-1: Ball
2-1: Foul Ball, location: 2F
2-2: Strikes out swinging
Batting: RHB Pau Arria 0-0: Ground out 5-3 (Groundball, 5)
Top of the 5th over - 0 runs, 0 hits, 0 errors, 0 left on base; Montana 5 - Chicago 1
BOTTOM OF THE 5TH
Chicago Hawks batting - Pitching for Montana Pandas : RHP Eduardo Díaz
Batting: LHB Curt Wilson 0-0: Swinging Strike
0-1: Called Strike
0-2: DOUBLE (Line Drive, 9LM)
Batting: RHB Curt Kenney 0-0: Fly out, F4 (Line Drive, 4M)
Lined into DP, U4 (Line Drive, 4M)
Batting: SHB Juan Ortega 0-0: Ball
1-0: Swinging Strike
1-1: Ball
2-1: Ball
3-1: Called Strike
3-2: Foul Ball, location: 2F
3-2: Fly out, F8 (Flyball, 89M)
Bottom of the 5th over - 0 runs, 1 hit, 0 errors, 0 left on base; Montana 5 - Chicago 1
TOP OF THE 6TH
Montana Pandas batting - Pitching for Chicago Hawks : RHP Lucas Begay
Batting: LHB Ned Durand 0-0: Foul Ball, location: 2F
0-1: Ball
1-1: Fly out, F7 (Flyball, 78M)
Batting: LHB Enrique Ortega 0-0: Fly out, F6 (Popup, 6S)
Batting: LHB António Ramos 0-0: Foul Ball, location: 2F
0-1: Ball
1-1: Called Strike
1-2: Ball
2-2: Foul Ball, location: 2F
2-2: Ground out 5-3 (Groundball, 5D)
Top of the 6th over - 0 runs, 0 hits, 0 errors, 0 left on base; Montana 5 - Chicago 1
BOTTOM OF THE 6TH
Chicago Hawks batting - Pitching for Montana Pandas : RHP Eduardo Díaz
Batting: RHB Vincente Rotham 0-0: Called Strike
0-1: Foul Ball, location: 2F
0-2: Ground out 4-3 (Groundball, 4S)
Batting: LHB Perry Bothof 0-0: Ball
1-0: Fly out, F8 (Flyball, 8LXD)
Batting: RHB Luis Rodríguez 0-0: Ball
1-0: Ball
2-0: Called Strike
2-1: Ball
3-1: Called Strike
3-2: Strikes out swinging
Bottom of the 6th over - 0 runs, 0 hits, 0 errors, 0 left on base; Montana 5 - Chicago 1
TOP OF THE 7TH
Montana Pandas batting - Pitching for Chicago Hawks : RHP Lucas Begay
Batting: LHB José León 0-0: Ball
1-0: Ball
2-0: Ball
3-0: Called Strike
3-1: SOLO HOME RUN (Line Drive, 9LD), Distance : 344 ft
Pitching: RHP César Galló
Batting: RHB Willis Kirkendall 0-0: Foul Ball, location: 2F
0-1: Ball
1-1: Ball
2-1: Foul Ball, location: 2F
2-2: Foul Ball, location: 2F
2-2: Foul Ball, location: 2F
2-2: SINGLE (Line Drive, 8RS)
Batting: LHB Alfred Miles 0-0: Ball
1-0: Ball
2-0: Called Strike
2-1: Ball
3-1: Called Strike
3-2: Foul Ball, location: 2F
3-2: Grounds into double play, 5-4-3 (Groundball, 56)
Batting: LHB Roberto Fierro 0-0: SINGLE (Groundball, 25) (infield hit)
Batting: SHB Raúl Duarte 0-0: Ball
1-0: Ball
2-0: Ball
3-0: Base on Balls
Roberto Fierro to second
Batting: RHB Pau Arria 0-0: Called Strike
0-1: Foul Ball, location: 2F
0-2: Ball
1-2: Foul Ball, location: 2F
1-2: Foul Ball, location: 2F
1-2: Ball
2-2: Strikes out looking
Top of the 7th over - 1 run, 3 hits, 0 errors, 2 left on base; Montana 6 - Chicago 1
BOTTOM OF THE 7TH
Chicago Hawks batting - Pitching for Montana Pandas : RHP Eduardo Díaz
Batting: RHB Paddy Hodnett 0-0: Ball
1-0: Foul Ball, location: 2F
1-1: Foul Ball, location: 2F
1-2: Fly out, F8 (Line Drive, 8RM)
Batting: LHB Jeff Simpson 0-0: Ball
1-0: SINGLE (Groundball, 4S) (infield hit)
Batting: RHB Enrique Marroquín 0-0: Fielders Choice at 2nd, 6-4 (Groundball, 6)
Now at 2B: Chris Costa
Batting: LHB Curt Wilson 0-0: Called Strike
0-1: Ball
1-1: Called Strike
Enrique Marroquín steals 2nd base
1-2: Foul Ball, location: 2F
1-2: Ball
2-2: Ground out 5-3 (Groundball, 56)
Bottom of the 7th over - 0 runs, 1 hit, 0 errors, 1 left on base; Montana 6 - Chicago 1
TOP OF THE 8TH
Montana Pandas batting - Pitching for Chicago Hawks : RHP César Galló
Batting: LHB Ned Durand 0-0: Ball
1-0: Called Strike
1-1: Ball
2-1: Called Strike
2-2: Ball
3-2: Foul Ball, location: 2F
3-2: Fly out, F3 (Line Drive, 34)
Batting: LHB Enrique Ortega 0-0: Foul Ball, location: 2F
0-1: Foul Ball, location: 2F
0-2: Ball
1-2: Ball
2-2: Ground out 4-3 (Groundball, 4)
Batting: LHB António Ramos 0-0: Ball
1-0: Swinging Strike
1-1: Called Strike
1-2: Ball
2-2: Strikes out swinging
Top of the 8th over - 0 runs, 0 hits, 0 errors, 0 left on base; Montana 6 - Chicago 1
BOTTOM OF THE 8TH
Chicago Hawks batting - Pitching for Montana Pandas : RHP Eduardo Díaz
Batting: RHB Curt Kenney 0-0: Ground out U3 (Groundball, 3)
Pitching: RHP Noburo Oishi
Batting: SHB Juan Ortega 0-0: Ball
1-0: Swinging Strike
1-1: Foul Ball, location: 2F
1-2: Ball
2-2: Strikes out swinging
Batting: RHB Vincente Rotham 0-0: Swinging Strike
0-1: SINGLE (Groundball, 6MD)
Batting: LHB Perry Bothof 0-0: Foul Ball, location: 2F
0-1: Ball
1-1: Foul Ball, location: 2F
1-2: Ball
2-2: Strikes out swinging
Bottom of the 8th over - 0 runs, 1 hit, 0 errors, 1 left on base; Montana 6 - Chicago 1
TOP OF THE 9TH
Montana Pandas batting - Pitching for Chicago Hawks : RHP César Galló
Batting: LHB José León 0-0: Ball
1-0: Called Strike
1-1: TRIPLE (Line Drive, 8RXD)
Batting: RHB Willis Kirkendall 0-0: Ball
1-0: Ball
2-0: Ground out 6-3 (Groundball, 6)
Batting: LHB Alfred Miles 0-0: Ball
1-0: Ball
2-0: Called Strike
2-1: Ball
3-1: Foul Ball, location: 2F
3-2: Base on Balls
Batting: LHB Roberto Fierro 0-0: Ball
1-0: Called Strike
1-1: Ball
2-1: Fielders Choice at 2nd, 1-6 (Groundball, P)
Pitching: LHP Dalton García
Batting: RHB Chris Costa 0-0: Ball
1-0: Called Strike
1-1: Ball
2-1: Ball
3-1: Base on Balls
Roberto Fierro to second
Batting: RHB Pau Arria 0-0: Ball
1-0: Called Strike
1-1: Ball
2-1: Swinging Strike
2-2: Strikes out looking
Top of the 9th over - 0 runs, 1 hit, 0 errors, 3 left on base; Montana 6 - Chicago 1
BOTTOM OF THE 9TH
Chicago Hawks batting - Pitching for Montana Pandas : RHP Noburo Oishi
Batting: RHB Luis Rodríguez 0-0: Ball
1-0: Ball
2-0: Called Strike
2-1: Swinging Strike
2-2: Ball
3-2: Ground out 5-3 (Groundball, 56)
Batting: RHB Paddy Hodnett 0-0: Ball
1-0: SINGLE (Groundball, 56D)
Batting: LHB Jeff Simpson 0-0: Foul Ball, location: 2F
0-1: Ball
1-1: Foul Ball, location: 2F
1-2: Strikes out swinging
Batting: RHB Enrique Marroquín 0-0: Ball
1-0: Ball
2-0: Fly out, F9 (Flyball, 9S)
Bottom of the 9th over - 0 runs, 1 hit, 0 errors, 1 left on base; Montana 6 - Chicago 1
Tuesday, December 19th, 2017 - OOTP Baseball 18.8 Build 76